 Dungeon Crawl Stone Soup version 0.28.0-43-g3370ac3207 (webtiles) character file.

Game seed: 13278120115436108936

14403 boopmooplesden the Severer (level 11, -8/90 (102) HPs)
             Began as a Minotaur Berserker on Mar 17, 2022.
             Was a High Priest of Trog.
             Mangled by a spectral orc warlord
             ... wielding a +2 great mace
             ... summoned by Nergalle
              (21 damage)
             ... on level 11 of the Dungeon.
             The game lasted 00:13:43 (9972 turns).

boopmooplesden the Severer (Minotaur Berserker)     Turns: 9972, Time: 00:13:44

HP:   -8/90 (102)   AC: 20    Str: 23    XL:     11   Next: 88%
MP:   0/10          EV: 13    Int:  9    God:    Trog [*****.]
Gold: 385           SH:  0    Dex: 21    Spells: 10/10 levels left

rFire   . . .      SeeInvis .   a - +3 executioner's axe (vorpal)
rCold   + + .      Faith    .   (shield currently unavailable)
rNeg    . . .      Spirit   +   F - +3 scale mail of Piabluj {Dex+6}
rPois   .          Reflect  .   J - +0 hat
rElec   .          Harm     .   j - +0 cloak of the Eternal Void {rC+}
rCorr   .          Rampage  .   n - +2 pair of gloves
Will    .....                   I - +2 pair of boots
Stlth   +.........              h - amulet "Tuenoar" {Spirit *Slow Int+3 Dex+4}
HPRegen 0.25/turn               o - ring of protection from cold
MPRegen 0.12/turn               (no ring)

@: on berserk cooldown, slowed, studying Armour, heavily drained, very slow
A: horns 2, retaliatory headbutt
a: Renounce Religion, Berserk, Trog's Hand, Brothers in Arms


You were on level 11 of the Dungeon.
You worshipped Trog.
Trog was extremely pleased with you.
You visited 1 branch of the dungeon, and saw 11 of its levels.
You also visited: Ossuary.

You collected 524 gold pieces.
You spent 139 gold pieces at shops.

Inventory:

Hand Weapons
 a - a +3 vorpal executioner's axe (weapon)
 b - a +0 vorpal hunting sling
 v - a +0 hand axe of venom
 w - a +5 vorpal battleaxe
 E - a +0 hand crossbow
Missiles
 e - 162 sling bullets
Armour
 d - a +0 chain mail
 j - the +0 cloak of the Eternal Void (worn) {rC+}
   (You acquired it on level 4 of the Dungeon)

   rC:        It protects you from cold.
 n - a +2 pair of gloves (worn)
 F - the +3 scale mail of Piabluj (worn) {Dex+6}
   (You found it on level 6 of the Dungeon)

   Dex:       It affects your dexterity (+6).
 H - a +0 animal skin
 I - a +2 pair of boots (worn)
 J - a +0 hat (worn)
Jewellery
 h - the amulet "Tuenoar" (around neck) {Spirit *Slow Int+3 Dex+4}
   (You found it on level 3 of the Dungeon)

   [amulet of guardian spirit]

   It causes incoming damage to be divided between your reserves of health and
   magic.
   Int:       It affects your intelligence (+3).
   Dex:       It affects your dexterity (+4).
   *Slow:     It may slow you when you take damage.
 o - a ring of protection from cold (left hand)
 L - a ring of protection from cold
Wands
 r - a wand of charming (12)
 s - a wand of flame (16)
Scrolls
 f - a scroll of blinking
 l - a scroll of teleportation
 p - 12 scrolls of identify
 x - 2 scrolls of fog {unknown}
 y - a scroll of summoning {unknown}
 B - a scroll of magic mapping {unknown}
 D - 2 scrolls of enchant armour {unknown}
 K - a scroll of brand weapon
Potions
 c - a potion of magic {unknown}
 g - 5 potions of attraction {unknown}
 i - 5 potions of might
 k - 11 potions of curing
 m - 2 potions of cancellation {unknown}
 q - a potion of flight {unknown}
 t - a potion of brilliance {unknown}
 u - a potion of ambrosia {unknown}
 z - 2 potions of resistance {unknown}
 A - a potion of berserk rage {unknown}
 C - 2 potions of mutation {unknown}
 G - a potion of lignification {unknown}


   Skills:
 + Level 11.0 Fighting
 + Level 17.3 Axes
 + Level 4.0 Slings
 + Level 11.4 Armour
 + Level 4.6 Dodging
 + Level 2.8 Stealth


You had 10 spell levels left.
You didn't know any spells.
Your spell library was empty.

Dungeon Overview and Level Annotations

Branches:
Dungeon (11/15)            Temple (0/1) D:7            Lair (0/6) D:10
Ossuary (visited)
    Orc: D:9-12

Altars:
Xom

Shops:
D:1 :   D:7 (

Annotations:
D:11 Nergalle


Innate Abilities, Weirdness & Mutations

You have a pair of horns on your head.
You reflexively headbutt those who attack you in melee.


Message History

Nergalle casts a spell at you. The bolt of negative energy hits you!!
You feel drained.
The bolt of negative energy hits the spectral orc warlord.
The spectral orc warlord completely resists.
The spectral orc warlord hits you but does no damage.
You hit Nergalle.
Nergalle is heavily wounded.
You hit the spectral orc warlord but do no damage.
Nergalle closely misses you.
The spectral orc warlord hits you with a +2 great mace.
Nergalle hits you with a +1 dagger of speed.
You hit Nergalle but do no damage.
You headbutt Nergalle, but do no damage.
Nergalle is heavily wounded.
You hit the spectral orc warlord but do no damage.
The spectral orc warlord hits you with a +2 great mace!
You feel drained.
Nergalle hits you with a +1 dagger of speed.
Nergalle gestures at you while chanting.
Orcish apparitions take form around you.
The spectral orc warlord hits you with a +2 great mace!!
* * * LOW HITPOINT WARNING * * *
Okay, then.
Okay, then.
You slice Nergalle!!
Nergalle is severely wounded.
You hit the spectral orc warlord but do no damage.
You hit the spectral orc but do no damage.
Nergalle hits you but does no damage. The spectral orc warlord misses you.
The spectral orc hits you but does no damage.
Nergalle closely misses you.
You hit Nergalle.
You headbutt Nergalle, but do no damage.
Nergalle is almost dead.
You completely miss the spectral orc warlord.
You slash the spectral orc!
You destroy the spectral orc!
The spectral orc disappears in a puff of smoke!
The spectral orc warlord hits you with a +2 great mace!!
You die...

.....##
##.##.....#
......#
#######..#
......#
##.#
....(.#
##.#
......#
#..#
.....##
##†##
##..## #..#
#### #Z##
##@# #§o#
.......##
...<...
..<....
......!
.......
.......
.......


You could see Nergalle and a spectral orc warlord (summoned).

Vanquished Creatures
  Gastronok (D:8)
  Josephine (D:10)
  A hydra (D:11)
  4 two-headed ogres
  An elephant (D:10)
  4 centaur zombies
  Joseph (D:7)
  A komodo dragon (D:11)
  A tengu conjurer (D:10)
  2 trolls
  A hornet (D:7)
  17 yaks
  4 wraiths
  A wyvern (D:7)
  A basilisk (D:10)
  2 vampire mosquitoes (D:10)
  An acid dragon (D:11)
  A water moccasin (D:7)
  An orc warrior (D:7)
  A hornet zombie (D:7)
  An ice beast (D:5)
  A necrophage (D:8)
  2 black bears
  2 sky beasts
  2 centaurs
  A phantom (D:4)
  A kobold brigand (D:10)
  A wyvern zombie (D:9)
  4 bullfrogs
  2 gnoll sergeants
  2 scorpions
  9 killer bees
  A water moccasin skeleton (D:6)
  7 howler monkeys
  7 wights (D:9)
  2 bullfrog zombies
  4 hounds
  A centaur skeleton (D:4)
  2 jellies (D:5)
  4 orc priests
  A bullfrog skeleton (D:4)
  A gnoll shaman (D:5)
  An iguana (D:7)
  5 orc wizards
  A killer bee zombie (D:7)
  2 mummies
  10 gnolls
  7 adders
  A shadow imp (D:6)
  2 white imps
  3 worms
  6 dart slugs
  19 orcs
  4 ball pythons
  6 endoplasms
  A giant cockroach (D:2)
  10 goblins
  5 hobgoblins
  3 jackals (D:1)
  6 quokkas
  2 bats (D:1)
  2 frilled lizards
  5 gnoll skeletons (Ossuary)
  14 kobolds
  7 kobold skeletons (Ossuary)
  13 orc skeletons (Ossuary)
  8 rats
248 creatures vanquished.

Vanquished Creatures (others)
  A fungus (D:10)
1 creature vanquished.

Grand Total: 249 creatures vanquished

Notes
Turn   | Place    | Note
-------+----------+-------------------------------------------
     0 | D:1      | boopmooplesden the Minotaur Berserker began the quest for
                  | the Orb.
     0 | D:1      | Reached XP level 1. HP: 19/19 MP: 0/0
   107 | D:1      | Found Boaqoyg's Book Shoppe.
   138 | D:1      | Reached XP level 2. HP: 27/27 MP: 1/1
   143 | D:1      | Reached skill level 4 in Axes
   284 | D:1      | Found a faded altar of an unknown god.
   619 | D:1      | Reached ** piety under Trog
   620 | D:1      | Reached XP level 3. HP: 32/33 MP: 2/2
  1258 | D:2      | Reached XP level 4. HP: 35/40 MP: 3/3
  1817 | D:3      | Reached skill level 5 in Axes
  2074 | D:3      | Reached XP level 5. HP: 47/47 MP: 4/4
  2085 | D:3      | Identified the amulet "Tuenoar" {Spirit *Slow Int+3 Dex+4}
  2578 | D:4      | Reached *** piety under Trog
  2796 | D:4      | Noticed a black bear
  2804 | D:4      | Killed a black bear
  2805 | D:4      | Reached skill level 6 in Axes
  2805 | D:4      | Reached XP level 6. HP: 52/53 MP: 5/5
  3453 | D:4      | Identified 3 scrolls of acquirement
  3453 | D:4      | Acquired a manual of Armour
  3457 | D:4      | Acquired a +3 vorpal executioner's axe
  3460 | D:4      | Acquired the +0 cloak of the Eternal Void {rC+}
  3509 | D:5      | Entered Level 5 of the Dungeon
  3555 | D:5      | Reached skill level 7 in Axes
  3561 | D:5      | Reached skill level 1 in Stealth
  3624 | D:5      | Noticed an ice beast
  3628 | D:5      | Reached skill level 5 in Armour
  3634 | D:5      | Killed an ice beast
  3635 | D:5      | Reached skill level 5 in Fighting
  3635 | D:5      | Reached XP level 7. HP: 55/61 MP: 4/6
  3750 | D:5      | Found a sand-covered staircase.
  3759 | Ossuary  | Entered an ossuary
  3759 | Ossuary  | Noticed a wraith
  3759 | Ossuary  | Noticed a wraith
  3759 | Ossuary  | Noticed a wraith
  3824 | Ossuary  | Reached **** piety under Trog
  3870 | Ossuary  | Noticed a wraith
  3874 | Ossuary  | Killed a wraith
  3875 | Ossuary  | Reached skill level 8 in Axes
  3946 | D:5      | Reached skill level 9 in Axes
  3946 | D:5      | Reached XP level 8. HP: 55/70 MP: 5/7
  4425 | D:6      | Found a shimmering altar of Xom.
  4439 | D:6      | Reached skill level 10 in Axes
  4539 | D:6      | Identified the +3 scale mail of Piabluj {Dex+6}
  5188 | D:7      | Found a staircase to the Ecumenical Temple.
  5195 | D:7      | Reached skill level 11 in Axes
  5199 | D:7      | Reached ***** piety under Trog
  5214 | D:7      | Reached XP level 9. HP: 78/78 MP: 3/8
  5234 | D:7      | Noticed Joseph
  5240 | D:7      | Killed Joseph
  5241 | D:7      | Received a gift from Trog
  5242 | D:7      | Reached skill level 12 in Axes
  5679 | D:7      | Found Kijiepp's Antique Weapon Emporium.
  5687 | D:7      | Bought a glowing hunting sling for 139 gold pieces
  6327 | D:8      | Reached skill level 1 in Slings
  6466 | D:8      | Noticed Gastronok
  6480 | D:8      | Killed Gastronok
  6481 | D:8      | Reached skill level 13 in Axes
  6481 | D:8      | Reached XP level 10. HP: 85/90 MP: 6/9
  6978 | D:8      | Noticed a two-headed ogre
  6986 | D:8      | Killed a two-headed ogre
  6987 | D:8      | Reached skill level 14 in Axes
  7402 | D:9      | Reached skill level 10 in Armour
  7418 | D:9      | Noticed a two-headed ogre
  7423 | D:9      | Killed a two-headed ogre
  7424 | D:9      | Reached skill level 15 in Axes
  7541 | D:9      | Noticed a two-headed ogre
  7547 | D:9      | Killed a two-headed ogre
  7756 | D:9      | Reached XP level 11. HP: 97/97 MP: 10/10
  7978 | D:9      | Noticed a two-headed ogre
  7986 | D:9      | Killed a two-headed ogre
  8271 | D:10     | Entered Level 10 of the Dungeon
  8380 | D:10     | Reached skill level 10 in Fighting
  8395 | D:10     | Found a staircase to the Lair.
  9099 | D:10     | Reached skill level 16 in Axes
  9280 | D:10     | Noticed Josephine
  9293 | D:10     | Killed Josephine
  9734 | D:11     | Reached skill level 17 in Axes
  9952 | D:11     | Noticed a seven-headed hydra
  9960 | D:11     | Killed a 12-headed hydra
  9963 | D:11     | Noticed Nergalle
  9965 | D:11     | Noticed a spectral orc warlord
  9972 | D:11     | Mangled by a spectral orc warlord

Illustrated notes

Levels and vault maps discovered:
D:1:      minmay_arrival_radiant_lines, layout_basic,
          shapermc_ecumenical_altar_totnotflames, serial_shops,
          nicolae_shop_window_shopping
D:2:      kennysheep_big_flooded_room, layout_basic
D:3:      layout_loops_ring
D:4:      layout_cave_pods
D:5:      layout_basic, gup_ossuary_entry_pyramid, minmay_manual_moon
D:6:      layout_layer_cave, mainiacjoe_overflow_alcove_1
D:7:      layout_loops_cross, minmay_temple_entry_arrows,
          serial_co_window_serial, co_window_corner_a, co_window_paths_a,
          co_window_corner_a, co_window_paths_a, co_window_paths_a,
          co_window_corner_a, co_window_2corner, co_window_unsneaky_path_a,
          co_window_2corner, co_window_paths_d, co_window_4corner_a,
          serial_shops, nicolae_shop_overgrown_old_shop, serial_park_tiny_1,
          uniq_joseph
D:8:      layout_basic, uniq_gastronok
D:9:      layout_roguey, chequers_mini_garden
D:10:     layout_roguey, david_lair_generic, minmay_misc_feat_cross,
          kennysheep_nub, uniq_josephine
D:11:     layout_cave_pods, minmay_variable_closet, uniq_nergalle, uniq_erolcha,
          uniq_sonja

Skill      XL: |  1  2  3  4  5  6  7  8  9 10 11 |
---------------+----------------------------------+-----
Axes           | 4 5 6 7 9 11 13 15 17 | 17.3
Fighting       | 4 5 6 8 9 11 | 11.0
Armour         | 3 4 5 6 7 9 10 11 | 11.4
Dodging        | 3 4 |  4.6
Stealth        | 1 2 |  2.8
Slings         | 1 3 4 |  4.0

Action                   |  1- 3 |  4- 6 |  7- 9 | 10-12 || total
-------------------------+-------+-------+-------+-------++-------
Melee: Hand axe          |   102 |   109 |       |       ||   211
       Headbutt          |    13 |    28 |    21 |    48 ||   110
       Punch             |     2 |     1 |       |       ||     3
       Executioner's axe |       |    15 |   129 |   187 ||   331
 Fire: Hunting sling     |       |       |     7 |    26 ||    33
Invok: Berserk           |     1 |       |     2 |     4 ||     7
  Use: Scroll            |       |    10 |     1 |     1 ||    12
Armor: Chain mail        |    49 |    89 |    45 |       ||   183
       Animal skin       |     1 |       |       |       ||     1
       Scale mail        |       |       |    46 |   114 ||   160
Dodge: Dodged            |    53 |    60 |    83 |   130 ||   326
